 Dungeon Sprint DCSS version 0.20.1-1-g8b1a95d (console) character file.

7 hilaritas the Blocker (level 2, 0/19 HPs)
             Began as a Gargoyle Fighter on Aug 1, 2017.
             Was an Initiate of Uskayaw.
             Killed from afar by a deep elf mage (9 damage)
             ... with a bolt of lightning
             ... in the Dungeon (Sprint V: "Ziggurat Sprint").
             The game lasted 00:01:28 (92 turns).

hilaritas the Blocker (Gargoyle Fighter)              Turns: 92, Time: 00:01:29

Health: 0/19       AC: 23    Str: 31    XL:     2   Next: 0%
Magic:  2/2        EV:  0    Int:  8    God:    Uskayaw [......]
Gold:   0          SH: 30    Dex:  9    Spells: 1/1 levels left

rFire    . . .     SeeInvis +   n - +14 obsidian axe {chop, +Fly SInv *Curse} (curse)
rCold    . . .     Gourm    .   o - +18 shield of the Gong {rElec rN+ MR+ EV-5}
rNeg     + + .     Faith    .   l - +5 crystal plate armour
rPois    ∞         Spirit   .   (no helmet)
rElec    +         Reflect  .   (no cloak)
rCorr    .         Harm     .   (no gloves)
MR       +....     NoTele   +   (no boots)
Stlth    ..........             (no amulet)
Regen    0.1/turn               t - +6 ring of strength
MPRegen  0.1/turn               u - +6 ring of strength

@: mesmerised
A: negative energy resistance 1, electricity resistance, unbreathing,
petrification resistance, rot immunity, AC +2
a: Renounce Religion, Evoke Flight


You were in the Dungeon.
You worshipped Uskayaw.
Uskayaw was noncommittal.
You were not hungry.

You visited 1 branch

Inventory:

Hand Weapons
 n - the cursed +14 obsidian axe (weapon) {chop, +Fly SInv *Curse}
   (You found it in the Dungeon)

   It inflicts extra damage upon your enemies.
   It lets you see invisible.
   It lets you fly.
   It curses itself when equipped.
   It has a curse placed upon it.
 p - the +6 shillelagh "Devastator" {shatter}
   (You found it in the Dungeon)
 L - a +5 broad axe
Armour
 l - a +5 crystal plate armour (worn)
 o - the +18 shield of the Gong (worn) {rElec rN+ MR+ EV-5}
   (You found it in the Dungeon)

   It affects your evasion (-5).
   It insulates you from electricity.
   It protects you from negative energy.
   It affects your resistance to hostile enchantments.
Jewellery
 c - a +6 ring of dexterity
 q - a +6 ring of dexterity
 r - a +6 ring of intelligence
 s - a +6 ring of intelligence
 t - a +6 ring of strength (left hand)
 u - a +6 ring of strength (right hand)
Wands
 v - a wand of disintegration (7/24)
 w - a wand of iceblast (5/15)
 x - a wand of lightning (5/15)
 y - a wand of acid (5/15)
Scrolls
 k - 4 scrolls of blinking
 E - 4 scrolls of amnesia
 F - 3 scrolls of recharging
 G - 7 scrolls of fog
 H - a scroll of holy word
 I - 5 scrolls of identify
 J - 5 scrolls of remove curse
 K - 2 scrolls of fear
Potions
 d - 6 potions of might
 e - 10 potions of curing
 g - 10 potions of heal wounds
 h - 6 potions of haste
 i - 7 potions of magic
 j - 3 potions of berserk rage
 z - 2 potions of brilliance
 A - 2 potions of invisibility
 B - 4 potions of resistance
 D - 5 potions of agility
Miscellaneous
 a - a lightning rod (4/4)
Comestibles
 b - 42 fruits
 f - 5 bread rations
 m - 4 meat rations


   Skills:
 - Level 3.2 Fighting
 * Level 1.7 Axes
 - Level 3.2 Armour
 - Level 8.8 Shields


You had one spell level left.
You didn't know any spells.

Dungeon Overview and Level Annotations

Branches:
Dungeon (1/1)

Altars:
Ashenzari
Cheibriados
Dithmenos
Elyvilon
Fedhas
Gozag
Hepliaklqana
Kikubaaqudgha
Makhleb
Nemelex Xobeh
Okawaru
Qazlal
Ru
Sif Muna
Trog
Uskayaw
Vehumet
Xom
Yredelemnul
Zin
The Shining One
Beogh
Jiyva
Lugonu

Annotations:
D 1 transporter


Innate Abilities, Weirdness & Mutations

You are resistant to torment.
Your stone body is resilient. (AC +2)
You are immune to poison.
You resist negative energy. (rN+)
You are resistant to electric shocks. (rElec)
You can survive without breathing.
You are immune to petrification.
You are immune to rotting.


Message History

You block the fire elemental's attack.
BOUMMMMG!
The deep elf mage casts a spell.
The deep elf mage blinks!
You block the fire elemental's attack.
PTOANNNG!
You hit the fire elemental.
The fire elemental is lightly damaged.
You block the fire elemental's attack.
SHROANNG!
The fire elemental hits you. The fire elemental burns you!
Your shield and crystal plate armour prevent you from hitting the fire elemental.
The fire elemental is lightly damaged.
The fire elemental hits you. The fire elemental burns you!
Ouch! That really hurt!
The deep elf mage gestures wildly while chanting.
The deep elf mage blinks!
You block the fire elemental's attack.
PANG!
The deep elf mage points at you and mumbles some strange words.
The bolt of lightning hits you! You resist.
You die...

▓▓▓▓▓▓▓
▓.8©8.▓
▓.....▓
▓.§.).▓
▓..E..▓
▓e.@..▓
▓.....▓
▓▓▓▓▓▓▓


You could see a deep elf mage and a fire elemental.

Vanquished Creatures (others)
  A spatial maelstrom (D)
1 creature vanquished.

Notes
Turn   | Place    | Note
-------+----------+-------------------------------------------
     0 | D        | hilaritas the Gargoyle Fighter began the quest for the Orb.
     0 | D        | Reached XP level 1. HP: 14/14 MP: 1/1
    14 | D        | Found a blossoming altar of Fedhas.
    15 | D        | Found a transporter.
    15 | D        | Found a viscous altar of Jiyva.
    15 | D        | Found an ancient bone altar of Kikubaaqudgha.
    15 | D        | Found a hazy altar of Hepliaklqana.
    15 | D        | Found a corrupted altar of Lugonu.
    15 | D        | Found an opulent altar of Gozag.
    15 | D        | Found a burning altar of Makhleb.
    16 | D        | Found a sacrificial altar of Ru.
    16 | D        | Found a stormy altar of Qazlal.
    16 | D        | Found a deep blue altar of Sif Muna.
    16 | D        | Found an iron altar of Okawaru.
    16 | D        | Found a bloodstained altar of Trog.
    16 | D        | Found a sparkling altar of Nemelex Xobeh.
    24 | D        | Banished a spatial maelstrom
    75 | D        | Became a worshipper of Uskayaw the Reveler
    77 | D        | Reached skill level 8 in Shields
    77 | D        | Reached XP level 2. HP: 19/19 MP: 2/2
    89 | D        | Entered arena 2.
    89 | D        | Noticed a fire elemental
    89 | D        | Noticed a deep elf mage
    89 | D        | Found a transporter.
    92 | D        | Killed from afar by a deep elf mage

Skill      XL: |  1 |
---------------+----+-----
Shields        | 8 |  8.8
Fighting       | |  3.2
Axes           | |  1.7
Armour         | |  3.2

Action                   || total
-------------------------++-------
Melee: Broad axe         ||     2
  Use: Potion            ||     1
Armor: Crystal plate arm ||     2
Block: Shield            ||     4
